Workbook

Sheet Instructions
A1: Guidance Notes for Three Year Budget Plan 2026-29
A3: Please read the notes below carefully to ensure you are completing the plan correctly.
A4: All budget lines reflect Consistent Financial Reporting (CFR) classifications.
A5: On the Three Year Plan tab, input data in the yellow coloured cells only.
A6: Please include notes re assumptions used and any differences between the 3 years in Column U
A7: Significant changes should be linked to the School Development plan or Asset Management Plan - include a reference ("SDP"; "AMP"; date of Governors meeting) in Column U.
A8: Future years can be based on either Y1 'Current Budget' or Y1 'Projected Outturn' by using the purple drop-down box (cell H2). 'Current Budget' ( column H) should be completed for initial submission; 'Projected Outturn' (Column I) should be completed during the year. Use the 3 year plan as a working document, updating for significant changes eg 6 month and 9 month budget monitoring.
A9: Please remember to include the name of the school at the top of the plan.
A11: NOR | B11: Please include figures for the census relating to the budget plan (eg Oct 25 census for 2026/27; forecast Oct 26 census for 2027/28, etc) - main school figures in Row 5; Nursery / RU / 6th Form in Row 6.
A13: SCHOOLS WITH AN 'E' BUDGET
A14: The DfE views a school as a single entity (ie B and E budget combined). Any information held on eg the benchmarking website will relate to both cost centres. Please complete the separate 'E budget' tab if you have one.
A16: Prior Years 2024-25 and 2025-26
A17: We have included 2 prior years on the template as it is helpful for Governors to see historic trends. Complete column D and F per the final (p13) CFR report.
A19: 2026-27
A20: Complete column H per 2026/27 Annual Budget Plan.
A21: Column I 'Projected Outturn' does not need to be completed on submission. It should be used as a working document throughout the year and the 'Projected Outturn' column should reflect any significant changes. Rationale and detail should be entered into the 'Notes' cells.
A23: Y1 PROJECTED OUTTURN AND YEARS 2 & 3
A24: GRANT FUNDING
A25: Funding figures for Years 2 and 3 should only change if pupil numbers change (known or realistic expectation). Do not include any inflation or other changes to funding as this is unknown.
A26: I01 Budget Share | B26: Use the 2026/27 Budget Notification spreadsheet to calculate any adjustments due to NOR changes for Years 2 and 3. Please include rationale for any adjustments in the 'Notes' cell.
A27: I01 Teachers Pay & Pension Grants | B27: These were rolled into AWPU in 22-23 for most schools other than Special Schools and Nursery Schools/classes. The grants no longer exist separately for any school in 23-24. TPAG & TPECG 2024 rolled into AWPU in 2025/26.
A28: I01 Wraparound Childcare Programme | B28: Include if you were part of the programme.
A29: I01 National Insurance Grant | B29: Rolled into AWPU in 26-27. Grant for 2025-26 only.
A30: I01 Schools Budget Support Grant (SBSG) | B30: Rolled into AWPU in 26-27. Grant for 2025-26 only.
A31: I03 High Needs Top-up | B31: Should be estimated using information from the Finance team. Adjustments for Years 2 & 3 should be based on school's knowledge of existing pupils - include details in the 'Notes' column.
A32: I05 Pupil Premium | B32: Adjust for any changes in relevant pupil numbers (ie current £ per pupil x school estimate of pupil numbers) - include details in the 'Notes' column.
A33: I06 Other Government Grants | B33: Breakfast Club - Only use if applied for & accepted
A34: I06 PE Grant | B34: Not yet confirmed for academic year 26-27. Assume funding is calculated as in PYs (adjust for NOR changes). Ensure use is in line with up to date guidance (no capital) and corresponding expenditure has been included.
A35: I06 UIFSM | B35: Ensure that funding matches expenditure (funding currently at £2.61/meal, less than expected meal price increase). NB UIFSM does not cover meals for actual FSM children in infant classes.
A36: I18C Recovery Premium | B36: Discontinued after academic year 23-24. Do not use in Years 1 - 5.
A37: I18C School-led tutoring | B37: Discontinued after academic year 23-24. Do not use in Years 1 - 5.
A39: SELF-GENERATED INCOME
A40: Include assumptions and differences between the years in the 'Notes' column. Do not use donations as a balancing figure.
A42: TOTAL REVENUE INCOME ("TRI")
A43: This is Total 'Grant Funding' plus Total 'Self-Generated Income'.
A45: EXPENDITURE
A46: STAFF COSTS | B46: The 3 year plan should include all increments and expected staff changes but an inflationary increase is not needed, unless you can afford it (1-3%). Ensure Governor are aware of your methodology by including details in the 'Notes' cells. Funding has not been inflated.
A47: E01 to E07 | B47: Please use Bursar Support's Salary Spreadsheet to calculate employee costs: Totals are shown on the 'Salaries' tab of the tool (ensure the drop down box in A1 is set to 'TOTAL'); on the 'Year 2' and 'Year 3' tabs an uplift of 0% is acceptable to apply no inflationary increase, but a % uplift of 1-3% can be applied (depending on what is affordable) (cells CD2, CD3 and CH2 for Year 2; cells CF2, CF3 and CJ2 for Year 3). Input the totals generated directly into the yellow cells on the face of the plan.
B48: The 'Notes' cells must be used to show detail of any significant changes year on year.
A49: E08-E11 Indirect Employee Cost | B49: Indirect Employee Costs are NOT generated by the Salary Commitment Tool. Please enter the costs directly into the yellow cells of the plan.
A50: NON-STAFFING COSTS | B50: Expenditure in Years 1-3, please enter the costs directly into the yellow cells of the plan. Inflationary increases are not required as funding has not been inflated. However included any increases due to NOR changes, SDP plans, etc.
B51: - 26/27 Projected Outturn, select this option from the drop-down menu in cell H2 if you are using it as a working document throughout the year.
B52: - Year 2 is 2027/28 (the b/f from 26/27 will be per the budget plan if 'Current Year' is selected in the purple box H2, or per the 'Projected Outturn' if selected)
A54: E BUDGET
A55: E Budget | B55: These totals calculate from the 'E Budget' tab.
A57: SURPLUS/(DEFICIT) POSITION
A58: b/f Surplus/ (deficit) | B58: Shows the brought forward position from the previous year - input for the beginning of 24/25 and then calculated automatically
A59: In year balance | B59: I.e., TRI less expenditure
A60: Surplus/ (deficit) at YE | B60: Shows the expected surplus (Schools may be used to calling this the "Contingency" for the current year) or deficit position at the year end (calculated automatically).
A62: STAFFING METRICS
A63: The Integrated Curriculum and Financial Planning methodology ("ICFP") includes 12 metrics that are useful for monitoring the financial resilience of a School's budget and 3 year plans. We have included some here that can be directly generated from the budget plan/CFR report.
A64: The metrics are a useful starting point for discussion and a tool to enable a school to ensure its financial resilience. It may be helpful to download historic data for the School from the Benchmarking Website and track the trend over the last 5 years.
A66: The following data is used for the metrics:
A67: "TRI" Total Revenue Income | B67: All the CFR "I" codes, ie Total Grant Funding + Total Self-Generated Income
A68: "TTC" Total Teaching Staff Costs | B68: E01 + E02 + E26 + any teaching staff costs included in another CFR code (eg an external head; language teachers under E28). Teaching staff costs includes non-classroom based teachers (eg leadership).
A69: "CSC" Curriculum Staff Costs | B69: E03, ie the costs of TAs and HLTAs.
A70: "NCSC" Non-Curriculum Staff Costs | B70: E04 + E05 + E06 + E07. Where services are externally contracted (eg cleaning, catering, etc), include the labour cost under NCSC.
A71: Total Staff Costs | B71: TTC + CSC + NCSC (ie E01 to E11 + E26). You could also make adjustments for staff costs included in cleaning, catering contracts, etc and any external teachers under E28. Or you may want to compare this to Total Staff Pay costs (ie E01 to E07 + E26). Ensure Governors are aware of how this has been calculated.
A72: Benchmarks
A73: Total Staff Costs | B73: 78% for Primary schools; 75% for secondaries. Any higher, and the school may struggle to cover its fixed costs as well as invest in longer term resources, eg buildings, IT, etc.
A74: Total Teaching Costs | B74: Primary Schools less than 50% of TRI; Secondary Schools may find they spend slightly more.
A75: Curriculum Staff Costs | B75: Primary Schools less than 15% of TRI; Secondary Schools less than 12%.
A77: Years 1 and 2
A78: Years 1 and 2 must balance or at least be break-even. If not, you will need to contact Bursar Support who will then follow up with details of the Deficit Application process.
A80: Governors Sign-off
A81: Please ensure that the plan is discussed by the Governors at FGB and signed off by the Chair of Governors (FGB Sign-off tab) before submitting a copy to Bursar Support by 31 May 2026

Sheet Three Year Plan
A1: THREE YEAR BUDGET PLAN 2026/29 | F1: SCHOOL: | H1: HOLY TRINITY SUNNINGDALE | K1: Cost Centre: | M1: FAWB
H2: Current Budget
A3: INPUT DATA IN YELLOW COLOURED CELLS ONLY. | C3: Notes | D3: Prior Year (actual) | H3: Current Budget Year 1 | I3: Projected Outturn | K3: Year 2 | M3: Year 3 | O3: Notes (re assumptions and changes between years)
D4: 2024/25 | F4: 2025/26 | H4: 2026/27 | K4: 2027/28 | M4: 2028/29
A5: Deficit Recovery Year | D5: Deficit Year 1 | F5: Deficit Year 2 | H5: Deficit Year 3 | K5: Deficit Year 4 | M5: Deficit Year 5
A6: NOR - Main School (Oct 23/24/25/26/27) | D6: 207 | F6: 208 | H6: 207 | K6: 212 | M6: 211 | O6: [comments on significant changes]
A7: NOR - Nursery / RU / 6th Form | O7: [comments on significant changes]
A9: Income
A10: Grant Funding
A11: I01 | B11: Budget Share | D11: 982902 | F11: 1063061 | H11: 1126787 | K11: 1148287 | M11: 1143987 | O11: 23/24 onwards does not include rates funding.
A12: I01 | B12: Early Years Funding (2yrs, 3&4 yrs)
A13: I01 | B13: Early Years Funding (9 months to 2yrs)
A14: I01 | B14: Wraparound Childcare Programme | H14: 0 | I14: 0 | K14: 0 | M14: 0
A15: I01 | B15: SEN Resource Unit Place Funding
A16: I01 | B16: Teachers Pay & Pension Grants | F16: 0 | H16: 0 | I16: 0 | K16: 0 | M16: 0 | O16: Up to 20/21 only. Nurseries up to 22/23 only, Special schls up to 23/24 only
A17: I01 | B17: National Insurance Grant 25/26 | D17: 0 | F17: 20971 | H17: 0 | I17: 0 | K17: 0 | M17: 0 | O17: 25/26 only.
A18: I01 | B18: SBSG (Schools Budget Support Grant) | D18: 0 | F18: 10074 | H18: 0 | I18: 0 | K18: 0 | M18: 0 | O18: 25/26 only.
A19: I01 | B19: Supplementary Grant 22/23 & 23/24 | D19: 0 | F19: 0 | H19: 0 | I19: 0 | K19: 0 | M19: 0 | O19: Up to 22/23 only. Nurseries up to 23/24 only
A20: I01 | B20: MSAG 23/24 | D20: 0 | F20: 0 | H20: 0 | I20: 0 | K20: 0 | M20: 0 | O20: Up to 23/24 only.
A21: I01 | B21: TPAG 23/24 & 24/25 (Teachers Pay Additional Grant) | D21: 16867 | F21: 0 | H21: 0 | I21: 0 | K21: 0 | M21: 0 | O21: Up to 24/25 only.
A22: I01 | B22: Teachers Pension Grant - Post 16 & TPECG 2024 | D22: 20427 | O22: Post 16 only. TPECG 2024 upto 24/25 only
A23: I01 | B23: Core Schools Budget Grant (CSBG) | D23: 20832 | F23: 0 | H23: 0 | I23: 0 | K23: 0 | M23: 0 | O23: 24/25 only.
A24: I01 | B24: Early Years Budget Grant (EYBG) | F24: 0 | H24: 0 | I24: 0 | K24: 0 | M24: 0 | O24: 24/25 only.
A25: I02 | B25: ESFA Funding for Sixth Form | O25: Sixth Form only
A26: I03 | B26: High Needs Top-Up Funding | D26: 30353 | F26: 43507 | H26: 19640 | K26: 19640 | M26: 19640
A27: I05 | B27: Pupil Premium | D27: 25974 | F27: 17365 | H27: 20050 | K27: 20050 | M27: 20050
A28: I06 | B28: Other Government Grants | D28: 3743 | O28: Include breakfast club if applied for and accepted
A29: I06 | B29: Primary PE and Sports Grant | D29: 17810 | F29: 16316 | H29: 17810 | K29: 17810 | M29: 17810
A30: I06 | B30: UIFSM | D30: 35051 | F30: 43885 | H30: 36551 | K30: 36551 | M30: 36551
A31: I07 | B31: Other Grants
A32: I18C | B32: (COVID) Recovery Premium | D32: 1196 | F32: 0 | H32: 0 | I32: 0 | K32: 0 | M32: 0 | O32: Up to Aug 2024 only.
A33: I18C | B33: (COVID) School-led Tutoring | D33: 450 | F33: 0 | H33: 0 | I33: 0 | K33: 0 | M33: 0 | O33: Up to Aug 2024 only.
B34: [Other]
A35: Total Grant Funding | D35: =SUM(D11:D34) -> 1155605 | F35: =SUM(F11:F34) -> 1215179 | H35: =SUM(H11:H34) -> 1220838 | I35: =SUM(I11:I34) -> 0 | K35: =SUM(K11:K34) -> 1242338 | M35: =SUM(M11:M34) -> 1238038
A36: Self-Generated Income
A37: I08a | B37: Lettings | H37: 6745 | K37: 6745 | M37: 6745
A38: I08b | B38: Facilities and services | D38: 10513 | F38: 11806
A39: I09 | B39: Catering
A40: I10-11 | B40: Insurance Receipts
A41: I12 | B41: Contributions to Visits, etc | D41: 41110 | F41: 66118 | H41: 61000 | K41: 61000 | M41: 61000
A42: I13 | B42: Donations/Voluntary Funds | D42: 63098 | F42: 26001 | H42: 10000 | K42: 10000 | M42: 10000
B43: [Other]
A44: Total Self-Generated Income | D44: =SUM(D37:D43) -> 114721 | F44: =SUM(F37:F43) -> 103925 | H44: =SUM(H37:H43) -> 77745 | I44: =SUM(I37:I43) -> 0 | K44: =SUM(K37:K43) -> 77745 | M44: =SUM(M37:M43) -> 77745
A45: Total Revenue Income ("TRI") | D45: =D35+D44 -> 1270326 | F45: =F35+F44 -> 1319104 | H45: =H35+H44 -> 1298583 | I45: =I35+I44 -> 0 | K45: =K35+K44 -> 1320083 | M45: =M35+M44 -> 1315783
A47: Expenditure
A48: E01 | B48: Teaching Staff | D48: 646015 | F48: 702612 | H48: 727247 | K48: 727247 | M48: 727247
A49: E02 | B49: Supply Staff | D49: 1400
A50: E03 | B50: Support Staff | D50: 225861 | F50: 213865 | H50: 221805 | K50: 221805 | M50: 221805
A51: E04 | B51: Premises Staff | D51: 36758 | F51: 38592
A52: E05 | B52: Administration & Clerical Staff | D52: 68099 | F52: 70008 | H52: 75771 | K52: 75771 | M52: 75771
A53: E06-7 | B53: Other Staff | D53: 5861 | F53: 4303 | H53: 4474 | K53: 4474 | M53: 4474
A54: E08-11 | B54: Indirect Employee Costs | D54: 39263 | F54: 11180 | H54: 7356 | K54: 7356 | M54: 7356
A55: Total Staff Costs | D55: =SUM(D48:D54) -> 1023257 | F55: =SUM(F48:F54) -> 1040560 | H55: =SUM(H48:H54) -> 1036653 | I55: =SUM(I48:I54) -> 0 | K55: =SUM(K48:K54) -> 1036653 | M55: =SUM(M48:M54) -> 1036653
A57: E12-18 | B57: Premises Related Costs (not E16 & E17) | D57: 75080 | F57: 61509 | H57: 69526 | K57: 69526 | M57: 69526
A58: E16 | B58: Energy costs | D58: 14875 | F58: 21060 | H58: 22000 | K58: 22000 | M58: 22000
A59: E17 | B59: Rates | D59: 3743 | F59: 3934 | H59: 0 | I59: 0 | K59: 0 | M59: 0 | O59: 22/23 Change in Rates - schools no longer receive funding or cost except for Nurseries
A60: E19 | B60: Learning resources not ICT | D60: 69248 | F60: 80482 | H60: 81500 | K60: 81500 | M60: 81500
A61: E20 | B61: ICT Learning resources | D61: 22347 | F61: 28760 | H61: 28495 | K61: 28495 | M61: 28495
A62: E21-23 | B62: Other Supplies & Services | D62: 13688 | F62: 15049 | H62: 15412 | K62: 15412 | M62: 15412
A63: E24 | B63: Special facilities | F63: 1242
A64: E25 | B64: Catering Supplies | D64: 46721 | F64: 44130 | H64: 44130 | K64: 44130 | M64: 44130
A65: E26 | B65: Agency Supply Teaching Staff | F65: 3861
A66: E27 | B66: Bought in services - curriculum | D66: 13948 | F66: 13049 | H66: 13344 | K66: 13344 | M66: 13344
A67: E28 | B67: Bought in services - other | D67: 22412 | F67: 20163 | H67: 20305 | K67: 20305 | M67: 20305
A68: E29 | B68: Loan Interest
A69: E30 | B69: Revenue contribution to Capital
A70: E31-32 | B70: Community focused staff and costs
K71: =IF($H$2="current budget",#REF!,#REF!) -> #REF!
K72: =IF($H$2="current budget",#REF!,#REF!) -> #REF!
A73: Total Non-Staffing Costs | D73: =SUM(D57:D72) -> 282062 | F73: =SUM(F57:F72) -> 293239 | H73: =SUM(H57:H72) -> 294712 | I73: =SUM(I57:I72) -> 0 | K73: =SUM(K57:K70) -> 294712 | M73: =SUM(M57:M72) -> 294712
A75: Total Expenditure | D75: =SUM(D55+D73) -> 1305319 | F75: =SUM(F55+F73) -> 1333799 | H75: =SUM(H55+H73) -> 1331365 | I75: =SUM(I55+I73) -> 0 | K75: =SUM(K55+K73) -> 1331365 | M75: =SUM(M55+M73) -> 1331365
A77: Surplus / (Deficit) Position
A78: Surplus/(Deficit) b/f from Prior Year | D78: 5560 | F78: =D80 -> -29433 | H78: =F80 -> -44128 | I78: =IF($H$2="current budget",0,F80) -> 0 | K78: =IF(H2="Projected yr end", I80,H80) -> -76910 | M78: =K80 -> -88192
A79: In-Year Balance (TRI less Exp) | D79: =D45-D75 -> -34993 | F79: =F45-F75 -> -14695 | H79: =H45-H75 -> -32782 | I79: =I45-I75 -> 0 | K79: =K45-K75 -> -11282 | M79: =M45-M75 -> -15582
A80: Surplus/(Deficit) at year end | D80: =SUM(D78:D79) -> -29433 | F80: =SUM(F78:F79) -> -44128 | H80: =SUM(H78:H79) -> -76910 | I80: =SUM(I78:I79) -> 0 | K80: =SUM(K78:K79) -> -88192 | M80: =SUM(M78:M79) -> -103774 | O80: Deficit Reduction Plan required if Deficit in Year 1 or 2.
A82: Surplus/(Deficit) as % of Budget Share | D82: =D80/D11 -> -0.029945 | F82: =F80/F11 -> -0.041510318 | H82: =H80/H11 -> -0.068256024 | I82: =I80/I11 -> #DIV/0! | K82: =K80/K11 -> -0.076803099 | M82: =M80/M11 -> -0.090712569
A84: STAFFING METRICS (see 'Instructions' tab)
A85: TOTAL STAFF COSTS ** / TRI | D85: =(D55+D65)/D45 -> 0.80550741 | F85: =(F55+F65)/F45 -> 0.79176547 | H85: =(H55+H65)/H45 -> 0.79829553 | I85: =(I55+I65)/I45 -> #DIV/0! | K85: =(K55+K65)/K45 -> 0.7852938 | M85: =(M55+M65)/M45 -> 0.78786016 | O85: DfE Benchmark to be below 78% (Primary); 75% (Secondary)
A87: TOTAL TEACHING COSTS ** / TRI | D87: =(D48+D49+D65)/D45 -> 0.50964477 | F87: =(F48+F49+F65)/F45 -> 0.53557036 | H87: =(H48+H49+H65)/H45 -> 0.5600312 | I87: =(I48+I49+I65)/I45 -> #DIV/0! | K87: =(K48+K49+K65)/K45 -> 0.55091006 | M87: =(M48+M49+M65)/M45 -> 0.55271044 | O87: DfE Benchmark to be below 49% (Primary); 54% (Secondary)
A89: CURRIC SUPPORT STAFF COSTS (E03) / TRI | D89: =D50/D45 -> 0.17779767 | F89: =F50/F45 -> 0.16212899 | H89: =H50/H45 -> 0.17080541 | I89: =I50/I45 -> #DIV/0! | K89: =K50/K45 -> 0.16802353 | M89: =M50/M45 -> 0.16857263
A91: NON-CURRICULUM STAFF COSTS ** / TRI | D91: =(D51+D52+D53)/D45 -> 0.087157155 | F91: =(F51+F52+F53)/F45 -> 0.085590674 | H91: =(H51+H52+H53)/H45 -> 0.061794279 | I91: =(I51+I52+I53)/I45 -> #DIV/0! | K91: =(K51+K52+K53)/K45 -> 0.060787844 | M91: =(M51+M52+M53)/M45 -> 0.0609865
B93: Current Budget
B94: Projected yr end
A96: FGB Sign Off | C96: 2020/21 | D96: 2020/21 | F96: 2021/22 | H96: 2022/23 | I96: 2022/23 | K96: 2023/24 | M96: 2024/25
C97: £ | D97: £ | F97: £ | H97: £ | I97: £ | K97: £ | M97: £
A98: Surplus/(Deficit) at year end | C98: #REF! | D98: =D80 -> -29433 | F98: =F80 -> -44128 | H98: =H80 -> -76910 | I98: =I80 -> 0 | K98: =K80 -> -88192 | M98: =M80 -> -103774
A100: STAFFING RATIOS | C100: 45566 | D100: =D4 -> 2024/25 | F100: =F4 -> 2025/26 | H100: =H3 -> Current Budget Year 1 | I100: =I3 -> Projected Outturn | K100: =K4 -> 2027/28 | M100: =M4 -> 2028/29
A101: PUPIL TEACHER RATIO (NOR/FTE Teachers) | C101: =C108/C109 -> #REF! | D101: =D108/D109 -> 23 | F101: =F108/F109 -> 23.111111 | H101: =H108/H109 -> 23 | I101: =I108/I109 -> 23 | K101: =K108/K109 -> 23.555556 | M101: =M108/M109 -> 23.444444
A102: TEACHER CONTACT RATIO (No of classes/FTE Teachers) | C102: =C111/C109 -> #DIV/0! | D102: =D111/D109 -> 0.77777778 | F102: =F111/F109 -> 0.77777778 | H102: =H111/H109 -> 0.77777778 | I102: =I111/I109 -> 0.77777778 | K102: =K111/K109 -> 0.77777778 | M102: =M111/M109 -> 0.77777778
A103: AVERAGE TEACHER COST (Total Teacher Cost/FTE Teachers) | C103: =SUM(#REF!+#REF!+C24)/C110 -> #REF! | D103: =SUM(D48+D49+D65)/D110 -> 71935 | F103: =SUM(F48+F49+F65)/F110 -> 78497 | H103: =SUM(H48+H49+H65)/H110 -> 80805.222 | I103: =SUM(I48+I49+I65)/I110 -> 0 | K103: =SUM(K48+K49+K65)/K110 -> 80805.222 | M103: =SUM(M48+M49+M65)/M110 -> 80805.222
A104: AVERAGE CLASS SIZE (NOR/No of classes) | C104: =C108/C111 -> #REF! | D104: =D108/D111 -> 29.571429 | F104: =F108/F111 -> 29.714286 | H104: =H108/H111 -> 29.571429 | I104: =I108/I111 -> 29.571429 | K104: =K108/K111 -> 30.285714 | M104: =M108/M111 -> 30.142857
A105: ** See 'Notes' tab for benchmarks
A107: DATA | C107: 45566
A108: NOR (main school) | C108: =#REF! -> #REF! | D108: =D6 -> 207 | F108: =F6 -> 208 | H108: =H6 -> 207 | I108: =H6 -> 207 | K108: =K6 -> 212 | M108: =M6 -> 211
A109: Teachers FTE (main school) | D109: 9 | F109: 9 | H109: 9 | I109: 9 | K109: 9 | M109: 9
A110: Teachers FTE (whole school incl Nursery, RU, etc) | D110: 9 | F110: 9 | H110: 9 | I110: 9 | K110: 9 | M110: 9
A111: No of Classes (main school) | D111: 7 | F111: 7 | H111: 7 | I111: 7 | K111: 7 | M111: 7

Sheet SG Income Assumptions
A1: Self-generated Income Assumptions
C3: Prior Year (actual) | G3: Current Budget Year 1 | H3: Projected Outturn | J3: Year 2 | L3: Year 3 | N3: Notes (re assumptions and changes between years)
C4: 2024/25 | E4: 2025/26 | G4: 2026/27 | I4: Timeframe | J4: 2027/28 | K4: Timeframe | L4: 2028/29 | M4: Timeframe
A5: I08a | B5: Lettings | C5: ='Three Year Plan'!D37 -> 0 | E5: ='Three Year Plan'!F37 -> 0 | G5: ='Three Year Plan'!H37 -> 6745 | H5: ='Three Year Plan'!I37 -> 0 | J5: ='Three Year Plan'!K37 -> 6745 | L5: ='Three Year Plan'!M37 -> 6745
A13: I08b | B13: Facilities and services | C13: ='Three Year Plan'!D38 -> 10513 | E13: ='Three Year Plan'!F38 -> 11806 | G13: ='Three Year Plan'!H38 -> 0 | H13: ='Three Year Plan'!I38 -> 0 | J13: ='Three Year Plan'!K38 -> 0 | L13: ='Three Year Plan'!M38 -> 0
A20: I09 | B20: Catering | C20: ='Three Year Plan'!D39 -> 0 | E20: ='Three Year Plan'!F39 -> 0 | G20: ='Three Year Plan'!H39 -> 0 | H20: ='Three Year Plan'!I39 -> 0 | J20: ='Three Year Plan'!K39 -> 0 | L20: ='Three Year Plan'!M39 -> 0
A23: I10-11 | B23: Insurance Receipts | C23: ='Three Year Plan'!D40 -> 0 | E23: ='Three Year Plan'!F40 -> 0 | G23: ='Three Year Plan'!H40 -> 0 | H23: ='Three Year Plan'!I40 -> 0 | J23: ='Three Year Plan'!K40 -> 0 | L23: ='Three Year Plan'!M40 -> 0
A26: I12 | B26: Contributions to Visits, etc | C26: ='Three Year Plan'!D41 -> 41110 | E26: ='Three Year Plan'!F41 -> 66118 | G26: ='Three Year Plan'!H41 -> 61000 | H26: ='Three Year Plan'!I41 -> 0 | J26: ='Three Year Plan'!K41 -> 61000 | L26: ='Three Year Plan'!M41 -> 61000
A33: I13 | B33: Donations/Voluntary Funds | C33: ='Three Year Plan'!D42 -> 63098 | E33: ='Three Year Plan'!F42 -> 26001 | G33: ='Three Year Plan'!H42 -> 10000 | H33: ='Three Year Plan'!I42 -> 0 | J33: ='Three Year Plan'!K42 -> 10000 | L33: ='Three Year Plan'!M42 -> 10000
B40: [Other] | C40: ='Three Year Plan'!D43 -> 0 | E40: ='Three Year Plan'!F43 -> 0 | G40: ='Three Year Plan'!H43 -> 0 | H40: ='Three Year Plan'!I43 -> 0 | J40: ='Three Year Plan'!K43 -> 0 | L40: ='Three Year Plan'!M43 -> 0

Sheet E Budget
A1: THREE YEAR E BUDGET PLAN 2026/29 | F1: SCHOOL: | G1: ='Three Year Plan'!H1 -> HOLY TRINITY SUNNINGDALE | K1: Cost Centre: | M1: FAWE
H2: Current Budget
A3: INPUT DATA IN YELLOW COLOURED CELLS ONLY. | C3: Notes | D3: Prior Year (actual) | H3: Current Budget Year 1 | I3: Projected Outturn | K3: Year 2 | M3: Year 3 | O3: Notes (re changes between Y1, Y2 and Y3) | Q3: Current Budget
D4: ='Three Year Plan'!D4 -> 2024/25 | F4: ='Three Year Plan'!F4 -> 2025/26 | H4: 2026/27 | K4: ='Three Year Plan'!K4 -> 2027/28 | M4: ='Three Year Plan'!M4 -> 2028/29 | Q4: Projected yr end
A5: Income
A6: Self-Generated Income
A7: I08b | B7: Facilities and services
A8: I13 | B8: Donations/Voluntary Funds
B9: [Other]
A10: Total Revenue Income ("TRI") | D10: =SUM(D7:D9) -> 0 | E10: =SUM(E7:E9) -> 0 | F10: =SUM(F7:F9) -> 0 | H10: =SUM(H7:H9) -> 0 | I10: =SUM(I7:I9) -> 0 | K10: =SUM(K7:K9) -> 0 | M10: =SUM(M7:M9) -> 0
A11: Expenditure
A12: E03 | B12: Education Support Staff
A13: E05 | B13: Admin and Clerical
A14: E08-11 | B14: Indirect Employee Costs
A15: E19 | B15: Learning resources not ICT
A16: E25 | B16: Catering Supplies
A17: E28 | B17: Bought in services - other
A18: Total Expenditure | D18: =SUM(D12:D17) -> 0 | F18: =SUM(F12:F17) -> 0 | H18: =SUM(H12:H17) -> 0 | I18: =SUM(I12:I17) -> 0 | K18: =SUM(K12:K17) -> 0 | M18: =SUM(M12:M17) -> 0
A20: Surplus / (Deficit) Position
A21: Surplus/(Deficit) b/f from Prior Year | F21: =D23 -> 0 | H21: =F23 -> 0 | I21: =IF($H$2="current budget",0,F23) -> 0 | K21: =IF(H2="Projected yr end", I23,H23) -> 0 | M21: =K23 -> 0
A22: In-Year Balance (TRI less Expenditure) | D22: =D10-D18 -> 0 | F22: =F10-F18 -> 0 | H22: =H10-H18 -> 0 | I22: =I10-I18 -> 0 | K22: =K10-K18 -> 0 | M22: =M10-M18 -> 0
A23: Surplus/(Deficit) at year end | D23: =SUM(D21:D22) -> 0 | F23: =SUM(F21:F22) -> 0 | H23: =SUM(H21:H22) -> 0 | I23: =SUM(I21:I22) -> 0 | K23: =SUM(K21:K22) -> 0 | M23: =SUM(M21:M22) -> 0

Sheet Balances
A1: ANALYSIS OF REVENUE BALANCES | D1: SCHOOL: | E1: ='Three Year Plan'!H1 -> HOLY TRINITY SUNNINGDALE | H1: Cost Centre: | I1: ='Three Year Plan'!M1 -> FAWB
A2: 2026-29
B3: £
A4: Balances at 1.4.26 | B4: ='Three Year Plan'!H78 -> -44128
A6: Uncommitted Balances | C6: Max: Secondary 5% of TRI; Primary 8% of TRI
A7: Committed Balances | C7: Should agree to Balance Control Mechanism submission
A9: Balances at 1.4.26 | B9: =SUM(B6:B8) -> 0 | C9: = B4 above
B10: =IF(B9=B4,"","ERROR") -> ERROR
E11: Costs in 2026-27 Budget Plan
A12: COMMITTED BALANCES | B12: At 1.4.26 | C12: SDP Reference | D12: Expected Yrs of project | E12: eg E19 | F12: eg E21 | G12: E | H12: E | I12: E | J12: c/f at 31.3.27
B13: £ | E13: £ | F13: £ | G13: £ | H13: £ | I13: £ | J13: £
A14: eg IT Project | J14: =B14-SUM(E14:I14) -> 0
A15: Library Project | J15: =B15-SUM(E15:I15) -> 0
A16: etc | J16: =B16-SUM(E16:I16) -> 0
J17: =B17-SUM(E17:I17) -> 0
J18: =B18-SUM(E18:I18) -> 0
J19: =B19-SUM(E19:I19) -> 0
J20: =B20-SUM(E20:I20) -> 0
J21: =B21-SUM(E21:I21) -> 0
J22: =B22-SUM(E22:I22) -> 0
J23: =B23-SUM(E23:I23) -> 0
J24: =B24-SUM(E24:I24) -> 0
J25: =B25-SUM(E25:I25) -> 0
J26: =B26-SUM(E26:I26) -> 0
J27: =B27-SUM(E27:I27) -> 0
J28: =B28-SUM(E28:I28) -> 0
... J30: =B30-SUM(E30:I30) -> 0
B32: =SUM(B14:B30) -> 0 | J32: =SUM(J14:J30) -> 0
B33: =IF(B32=B7,"","ERROR")
A34: Please refer to the DfE's Consistent Financial Reporting Framework for appropriate use of Committed Balances.
A35: Committed Balances should tie into the School Development Plan.
A36: This might include:
A37: Specific grants carried forward from one financial year to the next (particularly when they relate to an academic year) eg Pupil Premium, Coronavirus Catch-up Funding, etc
A38: A planned investment projects, eg IT investment, improvements to the site and buildings, etc. These projects should be specifically agreed in the School Development Plan and include a start date and expected time to completion
A39: Significant and known short-term changes to pupil numbers (eg Garrison changes)
A40: Staffing - only where there are specific short-term and one-off costs in response to needs identified by Ofsted or as a result of staff restructuring.

Sheet Capital Budget
A1: CAPITAL BUDGET PLAN 2026/29 | F1: SCHOOL: | G1: ='Three Year Plan'!H1 -> HOLY TRINITY SUNNINGDALE | J1: Cost Centre:
A3: INPUT DATA IN YELLOW COLOURED CELLS ONLY. | C3: Notes | D3: Prior Year (actual) | H3: Current Budget Year 1 | J3: Year 2 | L3: Year 3 | N3: Notes Y1 | O3: Notes Y2 | P3: Notes Y3 | R3: Current Budget
D4: ='Three Year Plan'!D4 -> 2024/25 | F4: ='Three Year Plan'!F4 -> 2025/26 | H4: {='Three Year Plan'!H4:I4} -> 2026/27 | I4: 0 | J4: ='Three Year Plan'!K4 -> 2027/28 | L4: ='Three Year Plan'!M4 -> 2028/29 | R4: Projected yr end
A5: Capital Income
A6: CI01 | B6: Capital Income
A7: CI03 | B7: Voluntary or Private Income
A8: CI04 | B8: Direct Revenue Financing | D8: ='Three Year Plan'!D69 -> 0 | F8: ='Three Year Plan'!F69 -> 0 | H8: ='Three Year Plan'!H69 -> 0 | J8: ='Three Year Plan'!K69 -> 0 | L8: ='Three Year Plan'!M69 -> 0
D9: =SUM(D6:D8) -> 0 | E9: =SUM(E6:E8) -> 0 | F9: =SUM(F6:F8) -> 0 | H9: =SUM(H6:H8) -> 0 | J9: =SUM(J6:J8) -> 0 | L9: =SUM(L6:L8) -> 0
A11: Capital Expenditure
A12: CE01 | B12: Acquisition of land and existing buildings
A13: CE02 | B13: New construction, conversion, renovation
A14: CE03 | B14: Vehicles, plant, equipment & machinery
A15: CE04 | B15: ICT
D16: =SUM(D12:D15) -> 0 | F16: =SUM(F12:F15) -> 0 | H16: =SUM(H12:H15) -> 0 | J16: =SUM(J12:J15) -> 0 | L16: =SUM(L12:L15) -> 0
A18: Surplus / (Deficit) Position
A19: Surplus/(Deficit) b/f from Prior Year | F19: =D21 -> 0 | H19: =F21 -> 0 | J19: =H21 -> 0 | L19: =J21 -> 0
A20: In-Year Balance | D20: =D9-D16 -> 0 | F20: =F9-F16 -> 0 | H20: =H9-H16 -> 0 | J20: =J9-J16 -> 0 | L20: =L9-L16 -> 0
A21: Surplus/(Deficit) at year end | D21: =SUM(D19:D20) -> 0 | F21: =SUM(F19:F20) -> 0 | H21: =SUM(H19:H20) -> 0 | J21: =SUM(J19:J20) -> 0 | L21: =SUM(L19:L20) -> 0

Sheet Governor Sign-off
A1: THREE YEAR BUDGET PLAN 2026/29 | D1: SCHOOL: | E1: ='Three Year Plan'!H1 -> HOLY TRINITY SUNNINGDALE
A3: YEAR-END BALANCE | C3: Prior Year | D3: Prior Year | E3: Year 1 | F3: Year 2 | G3: Year 3
C4: ='Three Year Plan'!D4 -> 2024/25 | D4: ='Three Year Plan'!F4 -> 2025/26 | E4: 2026/27 | F4: ='Three Year Plan'!K4 -> 2027/28 | G4: ='Three Year Plan'!M4 -> 2028/29
C5: £ | D5: £ | E5: £ | F5: £ | G5: £
A6: ='Three Year Plan'!M1 -> FAWB | C6: ='Three Year Plan'!D80 -> -29433 | D6: ='Three Year Plan'!F80 -> -44128 | E6: ='Three Year Plan'!H80 -> -76910 | F6: ='Three Year Plan'!K80 -> -88192 | G6: ='Three Year Plan'!M80 -> -103774
A7: ='E Budget'!M1 -> FAWE | C7: ='E Budget'!D23 -> 0 | D7: ='E Budget'!F23 -> 0 | E7: ='E Budget'!H23 -> 0 | F7: ='E Budget'!K23 -> 0 | G7: ='E Budget'!M23 -> 0
A8: Total YE balance (B + E) | C8: =C6+C7 -> -29433 | D8: =D6+D7 -> -44128 | E8: =E6+E7 -> -76910 | F8: =F6+F7 -> -88192 | G8: =G6+G7 -> -103774
A11: The above plan has been agreed by the Governing Body of | E11: =E1 -> HOLY TRINITY SUNNINGDALE
A13: at its meeting of
A16: Signed (Headteacher): | D16: Signed (Chair of Governors):
A18: Printed (Headteacher): | D18: Printed (Chair of Governors):
A20: Date: | D20: Date:
A23: School 3 Year Budget Plan to be returned to BST by 31 May 2026
